 Dungeon Crawl Stone Soup version 0.25-a0-10-g2fe12d4386 (webtiles) character file.

Game seed: 16098079882430436775, levelgen mode: deterministic

58 Chiseanne the Magician (level 3, -6/24 HPs)
             Began as a Demonspawn Wizard on Oct 15, 2019.
             Splashed by a jelly's acid (8 damage)
             ... on level 3 of the Dungeon.
             The game lasted 00:03:55 (1881 turns).

Chiseanne the Magician (Demonspawn Wizard)          Turns: 1881, Time: 00:03:56

Health: -6/24      AC: -2    Str:  7    XL:     3   Next: 75%
Magic:  0/8        EV: 12    Int: 20    God:
Gold:   135        SH:  0    Dex: 11    Spells: 8/9 levels left

rFire    . . .     SeeInvis .   a - +0 dagger (venom)
rCold    . . .     Gourm    .   (no shield)
rNeg     . . .     Faith    .   g - +0 robe
rPois    .         Spirit   .   b - +0 hat
rElec    .         Reflect  .   (no cloak)
rCorr    .         Harm     .   (no gloves)
MR       .....                  (no boots)
Stlth    ++........             (no amulet)
HPRegen  0.08/turn              (no ring)
MPRegen  0.11/turn              (no ring)

@: corroded
A: claws 1, powered by death 1
a: no special abilities


You were on level 3 of the Dungeon.
You were hungry.

You visited 1 branch of the dungeon, and saw 3 of its levels.

You collected 135 gold pieces.

Inventory:

Hand Weapons
 a - a +0 dagger of venom (weapon)
 c - a +0 club
 h - a +0 short sword
 r - a +1 trident of piercing
Missiles
 f - 7 poisoned darts (quivered)
 m - 44 arrows
 n - 18 sling bullets
 o - 28 stones
Armour
 b - a +0 hat (worn)
 g - a +0 robe (worn)
Scrolls
 q - 2 scrolls of remove curse
Potions
 e - a potion of invisibility {unknown}
 i - a potion of might
 j - a potion of agility {unknown}
 k - 2 potions of haste
 l - a potion of brilliance {unknown}
 p - a potion of curing {unknown}
Comestibles
 d - 6 rations
 s - a chunk of flesh


   Skills:
 - Level 1.7 Dodging
 - Level 1.7 Stealth
 * Level 3.8 Spellcasting
 * Level 2.6 Conjurations
   Level 1.0 Summonings
   Level 0.8 Translocations


You had 8 spell levels left.
You knew the following spells:

 Your Spells              Type           Power        Failure   Level  Hunger
a - Magic Dart            Conj           ##..         4%          1    None

Your spell library contained the following spells:

 Spells                   Type           Power        Failure   Level  Hunger
 Call Imp                 Summ           #.......     13%         2    ##.....
 Blink                    Tloc           N/A          14%         2    ##.....
 Slow                     Hex            #.......     21%         2    ##.....
 Conjure Flame            Conj/Fire      #.......     22%         3    ###....
 Mephitic Cloud           Conj/Pois/Air  #.......     26%         3    ###....


Dungeon Overview and Level Annotations

Branches:
Dungeon (3/15)

Altars:
Ashenzari
Sif Muna


Innate Abilities, Weirdness & Mutations

You have sharp fingernails.
You regenerate a little health from kills.


Message History

Casting: Magic Dart (safe; 4% risk of failure)
Confirm with . or Enter, or press ? or * to list all spells.
You don't have enough magic to cast that spell.
Casting: Magic Dart (safe; 4% risk of failure)
Confirm with . or Enter, or press ? or * to list all spells.
You don't have enough magic to cast that spell.
You hit the jelly but do no damage.
Your claws burn!
* * * LOW HITPOINT WARNING * * *
The jelly is almost dead.
The jelly barely misses you.
Unknown command.
Throwing (i - inventory. (/) - cycle)
f - 8 poisoned darts (quivered)
Press: ? - help, Shift-Dir - straight line, f/p - jelly
Aim: a jelly (almost dead)
You throw a poisoned dart. The poisoned dart hits the jelly.
The jelly is almost dead.
The jelly hits you.
* * * LOW HITPOINT WARNING * * *
The acid corrodes you!
You are splashed with acid!
You die...

#.........#
#.#.......##
#.#...........
#.#.......####
#.#.#####.#
#.#.# .# #.#.#
. #.#.# ..
#@#.# #J#.#
#.#.##.###
#.#.##... .
#.#.##..# .#
#.#.##..# ...
#.#.##..# ....
#.#.##..#.....
#.#.#..(...%_.


You could see a jelly.

Vanquished Creatures
  An adder (D:2)
  A worm (D:2)
  A dart slug (D:1)
  3 leopard geckos
  A giant cockroach (D:1)
  9 goblins
  7 hobgoblins
  4 bats
  3 frilled lizards
  5 kobolds
  A quokka skeleton (D:2)
  5 rats
41 creatures vanquished.

Notes
Turn   | Place    | Note
-------+----------+-------------------------------------------
     0 | D:1      | Chiseanne the Demonspawn Wizard began the quest for the
                  | Orb.
     0 | D:1      | Reached XP level 1. HP: 13/13 MP: 4/4
   253 | D:1      | Gained mutation: You regenerate a little health from kills.
                  | [demonic ancestry]
   253 | D:1      | Reached XP level 2. HP: 19/19 MP: 4/6
   915 | D:2      | Gained mutation: You have sharp fingernails. [demonic
                  | ancestry]
   915 | D:2      | Reached XP level 3. HP: 18/24 MP: 2/8
  1075 | D:2      | Found a shimmering blue altar of Sif Muna.
  1857 | D:3      | Found a shattered altar of Ashenzari.
  1881 | D:3      | Splashed by a jelly's acid

Levels and vault maps discovered:
D:1:      tarquinn_simple_flora_water_b, layout_basic
D:2:      layout_basic, lemuel_round_altar, serial_bayou_pond_b
D:3:      layout_basic, old_standard_altar, old_standard_altar, first_ration

Skill      XL: |  1  2 |
---------------+-------+-----
Conjurations   | 2 |  2.6
Dodging        | |  1.7
Stealth        | |  1.7
Spellcasting   | |  3.8
Summonings     | |  1.0
Translocations | |  0.8

Action                   || total
-------------------------++-------
Melee: Dagger            ||    12
Throw: Dart              ||     1
 Cast: Magic Dart        ||    79
  Use: Scroll            ||     5
  Eat: Chunk             ||     2
Dodge: Dodged            ||    15

Table legend:
 A = Non-vault XP
 B = Vault XP
 C = Vault XP percentage of total XP
 D = Non-vault monster count
 E = Vault monster count
 F = Vault count percentage of total count
                 A         B        C        D         E       F
            +---------+---------+-------+---------+---------+-------
      Total |      72 |      11 |  13.3 |      33 |       8 |  19.5
            +---------+---------+-------+---------+---------+-------
        D:1 |      26 |       0 |   0.0 |      15 |       0 |   0.0
        D:2 |      40 |      11 |  21.6 |      15 |       8 |  34.8
        D:3 |       6 |       0 |   0.0 |       3 |       0 |   0.0
            +---------+---------+-------+---------+---------+-------
